 Dungeon Crawl Stone Soup version 0.23.2-1-ga50397a (webtiles) character file.

Game seed: 16782969420380688343

1430 cab the Geomancer (level 8, -2/44 HPs)
             Began as a Gargoyle Earth Elementalist on May 29, 2019.
             Was an Initiate of Vehumet.
             Slain by a killer bee (7 damage)
             ... on level 6 of the Dungeon.
             The game lasted 00:33:48 (8913 turns).

cab the Geomancer (Gargoyle Earth Elementalist)     Turns: 8913, Time: 00:33:50

Health: -2/44      AC: 13    Str: 12    XL:     8   Next: 73%
Magic:  7/12       EV: 11    Int: 23    God:    Vehumet [......]
Gold:   187        SH:  0    Dex: 10    Spells: 9/13 levels left

rFire    . . .     SeeInvis .   B - +2 mace (protect)
rCold    . . .     Gourm    .   (no shield)
rNeg     + . .     Faith    .   r - +0 leather armour
rPois    ∞         Spirit   .   (no helmet)
rElec    +         Reflect  .   s - +0 cloak
rCorr    .         Harm     .   (no gloves)
MR       .....                  (no boots)
Stlth    ++........             (no amulet)
HPRegen  0.14/turn              A - +5 ring of intelligence
MPRegen  0.13/turn              k - +3 ring of protection

@: studying Staves
A: negative energy resistance 1, electricity resistance, unbreathing,
petrification resistance, rot immunity, AC +5
a: Renounce Religion


You were on level 6 of the Dungeon.
You worshipped Vehumet.
Vehumet was noncommittal.
You were hungry.

You visited 2 branches of the dungeon, and saw 7 of its levels.

You collected 187 gold pieces.

Inventory:

Hand Weapons
 v - a +0 hunting sling
 y - a +2 mace of draining
 B - a +2 mace of protection (weapon)
Missiles
 b - 9 stones (quivered)
 t - 71 sling bullets
Armour
 g - a cursed +0 shield
 r - a +0 leather armour (worn)
 s - a +0 cloak (worn)
Jewellery
 k - a +3 ring of protection (right hand)
 x - an uncursed ring of resist corrosion
 z - an uncursed ring of magical power
 A - a +5 ring of intelligence (left hand)
Wands
 C - a wand of disintegration (9)
Scrolls
 l - 2 scrolls of teleportation
 n - a scroll of fear {unknown}
 p - 3 scrolls of amnesia
 w - 3 scrolls of remove curse
Potions
 a - a potion of mutation
 c - a potion of flight {unknown}
 f - a potion of haste {unknown}
 h - 2 potions of degeneration
 i - 3 potions of might
 j - 4 potions of lignification
 m - 2 potions of cancellation
 o - 2 potions of agility
 u - 4 potions of curing
Books
 D - a manual of Staves
Comestibles
 d - 12 rations
 q - 2 chunks of flesh


   Skills:
 + Level 2.3 Fighting
 - Level 5.0 Armour
 - Level 1.5 Dodging
 - Level 2.1 Stealth
 + Level 3.0 Spellcasting
 + Level 6.1 Conjurations
   Level 0.7 Transmutations
 + Level 8.5 Earth Magic


You had 9 spell levels left.
You knew the following spells:

 Your Spells              Type           Power        Failure   Level  Hunger
a - Sandblast             Erth           #####.       1%          1    None
b - Stone Arrow           Conj/Erth      #####.       2%          3    ###....

Your spell library contained the following spells:

 Spells                   Type           Power        Failure   Level  Hunger
 Passwall                 Tmut/Erth      ###.....     3%          2    ##.....
 Sting                    Conj/Pois      ###.         4%          1    None
 Lee's Rapid Deconstruct  Erth           #####.....   12%         5    ######.
 Summon Small Mammal      Summ           #...         14%         1    None
 Mephitic Cloud           Conj/Pois/Air  ##......     19%         3    ###....
 Call Imp                 Summ           #.......     22%         2    ##.....
 Poisonous Vapours        Pois/Air       #.....       22%         2    ##.....
 Petrify                  Tmut/Erth      ###.....     22%         4    ####...
 Call Canine Familiar     Summ           #.......     41%         3    ###....
 Summon Guardian Golem    Hex/Summ       #.......     41%         3    ###....
 Venom Bolt               Conj/Pois      ###.......   75%         5    ######.
 Olgreb's Toxic Radiance  Pois           #.......     82%         4    ####...
 Summon Ice Beast         Ice/Summ       #.......     82%         4    ####...
 Summon Lightning Spire   Summ/Air       #.......     82%         4    ####...


Dungeon Overview and Level Annotations

Branches:
Dungeon (6/15)             Temple (1/1) D:5

Altars:
Ashenzari
Cheibriados
Dithmenos
Elyvilon
Fedhas
Gozag
Hepliaklqana
Kikubaaqudgha
Makhleb
Nemelex Xobeh
Qazlal
Ru
Sif Muna
Trog
Uskayaw
Vehumet
Wu Jian
Xom
Yredelemnul
Zin
The Shining One


Innate Abilities, Weirdness & Mutations

You are resistant to torment.
Your stone body is resilient. (AC +5)
You are immune to poison.
You resist negative energy. (rN+)
You are resistant to electric shocks. (rElec)
You can survive without breathing.
You are immune to petrification.
You are immune to rotting.


Message History

The killer bee stings you but does no damage.
The worker ant closely misses you. The killer bee barely misses you.
Casting: Sandblast (safe; 1% risk of failure)
Confirm with . or Enter, or press ? or * to list all spells.
Aiming: Sandblast (safe; 1% risk of failure)
Press: ? - help, Shift-Dir - straight line, f - worker ant
Aim: a worker ant
Okay, then.
Casting: Sandblast (safe; 1% risk of failure)
Confirm with . or Enter, or press ? or * to list all spells.
Aiming: Stone Arrow (safe; 2% risk of failure)
Press: ? - help, Shift-Dir - straight line, f - killer bee
Aim: a killer bee The stone arrow misses the killer bee.
The killer bee stings you.
* * * LOW HITPOINT WARNING * * *
The killer bee stings you.
* * * LOW HITPOINT WARNING * * *
The worker ant bites you but does no damage.
The killer bee stings you!
You die...

#.....#
#.....#
+.....#
.?...#
.....#
#....#
#a...#
#@†..#
#yy..#
.....#
#..?..#
+=....#
#.....#
#.....#
#.....#


You could see a worker ant and 2 killer bees.

Vanquished Creatures
  A water moccasin (D:5)
  2 ogres
  2 scorpions (D:6)
  A howler monkey (D:5)
  A crimson imp (D:5)
  A centaur zombie (D:5)
  4 hounds
  6 orc priests
  3 bullfrog skeletons
  4 orc wizards
  2 iguanas
  Natasha (thrice) (D:4)
  3 worker ants
  A hound skeleton (D:5)
  7 gnolls (D:4)
  4 adders
  An ooze (D:5)
  An adder skeleton (D:3)
  A worm (D:2)
  A dart slug (D:1)
  A leopard gecko (D:5)
  28 orcs
  8 bats
  9 giant cockroaches
  9 goblins
  6 hobgoblins
  7 jackals
  3 quokkas
  A ball python (D:1)
  6 frilled lizards
  A giant cockroach zombie (D:5)
  9 kobolds
  A leopard gecko skeleton (D:4)
  A quokka skeleton (D:5)
  6 rats
145 creatures vanquished.

Notes
Turn   | Place    | Note
-------+----------+-------------------------------------------
     0 | D:1      | cab the Gargoyle Earth Elementalist began the quest for the
                  | Orb.
     0 | D:1      | Reached XP level 1. HP: 10/10 MP: 3/3
   415 | D:1      | Reached skill level 4 in Earth Magic
   445 | D:1      | Reached XP level 2. HP: 15/15 MP: 3/5
  1018 | D:1      | Reached XP level 3. HP: 15/19 MP: 6/6
  1084 | D:1      | Reached skill level 5 in Earth Magic
  1090 | D:1      | Learned a level 3 spell: Stone Arrow
  1703 | D:2      | Found a shattered altar of Ashenzari.
  1747 | D:2      | Reached skill level 1 in Conjurations
  2138 | D:2      | Found a sacrificial altar of Ru.
  2270 | D:2      | Reached XP level 4. HP: 24/24 MP: 4/7
  2444 | D:3      | Found a stormy altar of Qazlal.
  3430 | D:3      | Found an opulent altar of Gozag.
  3558 | D:3      | Reached skill level 1 in Armour
  3558 | D:3      | Reached XP level 5. HP: 22/28 MP: 2/8
  4415 | D:4      | Noticed Natasha
  4577 | D:3      | Reached skill level 6 in Earth Magic
  4920 | D:4      | Killed Natasha
  5104 | D:4      | Reached XP level 6. HP: 32/32 MP: 7/9
  5539 | D:4      | Noticed Natasha
  5542 | D:4      | Killed Natasha
  6005 | D:4      | Noticed Natasha
  6006 | D:4      | Killed Natasha
  6006 | D:4      | Reached XP level 7. HP: 30/36 MP: 8/10
  6319 | D:5      | Entered Level 5 of the Dungeon
  6465 | D:5      | Reached skill level 7 in Earth Magic
  6780 | D:5      | Reached skill level 5 in Conjurations
  7071 | D:5      | Reached XP level 8. HP: 40/41 MP: 5/11
  7114 | D:5      | Reached skill level 5 in Armour
  7246 | D:5      | Reached skill level 8 in Earth Magic
  7776 | D:5      | Found a staircase to the Ecumenical Temple.
  7787 | Temple   | Entered the Ecumenical Temple
  7832 | Temple   | Became a worshipper of Vehumet
  8274 | D:6      | Reached skill level 1 in Fighting
  8908 | D:6      | HP: 1/44 [killer bee (2)]
  8913 | D:6      | Slain by a killer bee

Skill      XL: |  1  2  3  4  5  6  7  8 |
---------------+-------------------------+-----
Earth Magic    | 4 5 6 7 8 |  8.5
Conjurations   | 1 2 3 5 6 |  6.1
Armour         | 1 2 3 4 5 |  5.0
Fighting       | 2 |  2.3
Spellcasting   | 3 |  3.0
Dodging        | |  1.5
Stealth        | |  2.1
Transmutations | |  0.7

Action                   |  1- 3 |  4- 6 |  7- 9 || total
-------------------------+-------+-------+-------++-------
Melee: Unarmed           |    29 |       |       ||    29
       Club              |    88 |   124 |       ||   212
       Dagger            |    54 |       |       ||    54
       Mace              |       |    81 |   194 ||   275
 Cast: Sandblast         |    21 |    23 |    26 ||    70
       Stone Arrow       |       |    11 |    12 ||    23
  Use: Scroll            |     5 |     1 |     7 ||    13
       Potion            |       |       |     2 ||     2
 Stab: Sleeping          |     1 |     3 |     1 ||     5
       Distracted        |     1 |     1 |       ||     2
  Eat: Chunk             |     5 |    14 |    10 ||    29
Armor: Robe              |    53 |    72 |       ||   125
       Leather armour    |       |    63 |   182 ||   245
Dodge: Dodged            |   125 |   173 |   218 ||   516
